 Dungeon Crawl Stone Soup version 0.31-a0-879-g1609e0ac53 (webtiles) character file.

Game seed: 5340826721683909990

222 Kurtz the Sneak (level 5, 0/49 HPs)
             Began as a Naga Delver on Oct 14, 2023.
             Slain by an orc
             ... wielding a +3 flail of protection
              (9 damage)
             ... on level 3 of the Dungeon.
             The game lasted 00:07:03 (2774 turns).

Kurtz the Sneak (Naga Delver)                       Turns: 2774, Time: 00:07:03

Health: 0/49       AC:  6    Str: 17    XL:     5   Next: 99%
Magic:  5/5        EV:  9    Int: 10    God:
Gold:   99         SH:  0    Dex: 18    Spells: 4/4 levels left

rFire   . . .        h - +4 quarterstaff
rCold   . . .        (shield currently unavailable)
rNeg    . . .        v - +0 ring mail
rPois   +            (no helmet)
rElec   .            (no cloak)
rCorr   .            C - +1 pair of gloves
SInv    +            (no barding)
Will    .....        (no amulet)
Stlth   +++          u - +6 ring of dexterity
HPRegen 0.28/turn    (no ring)
MPRegen 0.09/turn

%: no passive effects
@: very slow
A: AC +1, large, see invisible, deformed body, poison resistance, slowness 2,
spit poison 1, naga tail 1
a: Spit Poison


You were on level 3 of the Dungeon.
You visited 1 branch of the dungeon, and saw 5 of its levels.

You collected 99 gold pieces.

Inventory:

Hand Weapons
 a - a +0 hand axe
 h - a +4 quarterstaff (weapon)
Missiles
 p - 6 boomerangs
 x - 6 poisoned darts
Armour
 v - a +0 ring mail (worn)
 C - a +1 pair of gloves (worn)
Jewellery
 l - an amulet of faith
 u - a +6 ring of dexterity (left hand)
Wands
 g - a wand of digging (3)
 j - a wand of paralysis (7)
 o - a wand of flame (11)
Scrolls
 b - a scroll of vulnerability {unknown}
 c - a scroll of fog
 d - a scroll of revelation
 e - a scroll of fear
 i - 2 scrolls of poison {unknown}
 m - a scroll of noise {unknown}
 n - 7 scrolls of identify {unknown}
 q - 2 scrolls of teleportation {unknown}
 t - 2 scrolls of enchant weapon {unknown}
 y - a scroll of immolation {unknown}
Potions
 f - a potion of haste
 k - a potion of curing {unknown}
 r - a potion of magic {unknown}
 s - 2 potions of might {unknown}
 z - a potion of lignification {unknown}
 A - a potion of enlightenment {unknown}
 B - a potion of ambrosia {unknown}


   Skills:
 - Level 3.0 Fighting
 * Level 6.0 Axes
 - Level 1.5 Dodging
 - Level 7.2 Stealth


You had 4 spell levels left.
You didn't know any spells.
Your spell library was empty.

Dungeon Overview and Level Annotations

Branches:
Dungeon (5/15)
 Temple: D:4-7

Altars:
Elyvilon
Yredelemnul

Shops:
D:2 *

Annotations:
D:3 1 runed translucent door


Innate Abilities, Weirdness & Mutations

Your serpentine skin is tough. (AC +1)
You have supernaturally acute eyesight. (SInv)
Armour fits poorly on your strangely shaped body.
Your system is resistant to poisons. (rPois)
You cover ground very slowly.
You can spit poison.
You have a snake-like lower body.


Message History

The jackal bites you but does no damage.
The orc hits you with a +3 flail of protection!
The jackal barely misses you.
You hit the jackal.
The jackal is moderately wounded.
The jackal bites you but does no damage.
The orc barely misses you.
You hit the jackal but do no damage.
The jackal is moderately wounded.
The jackal bites you.
The orc hits you with a +3 flail of protection.
The jackal barely misses you. The orc closely misses you.
Unknown command.
You sock the jackal!
You kill the jackal!
The orc hits you with a +3 flail of protection.
You closely miss the orc.
The orc hits you with a +3 flail of protection.
You are too injured to fight recklessly!
You are too injured to fight recklessly!
You are too injured to fight recklessly!
You barely miss the orc.
The orc hits you with a +3 flail of protection!
* * * LOW HITPOINT WARNING * * *
You barely miss the orc.
The orc hits you with a +3 flail of protection.
* * * LOW HITPOINT WARNING * * *
The orc hits you with a +3 flail of protection.
* * * LOW HITPOINT WARNING * * *
You sock the orc!
The orc is almost dead.
The orc hits you but does no damage.
You barely miss the orc.
The orc is almost dead.
The orc hits you with a +3 flail of protection.
* * * LOW HITPOINT WARNING * * *
You closely miss the orc.
The orc is almost dead.
The orc hits you with a +3 flail of protection!
You die...

.# ######.# ####.#.# #.#.# .#
#..#######.#.# #.#.# .#
#..........#.# #.#.# .#
#.####.#.###.# #.#.# .# #.#
#.#.# #.# #.#.# .# #.# #[#.#
#.# #.#.# .# #.#
#(#.###.###.#.# .# #.#
#.[o)#......#.# .###### #.#
#..@[.........#
......###.#####...#......###
#####.................#.#####
####..######.##...#.#.#.##
#.## #.####........# #.#
#.####.#.#.#.## #.#
#.............# ########.##
######.#.#.#.## .[........#
#.<......#


You could see an orc.

Vanquished Creatures
  2 orc wizards (D:3)
  4 gnolls
  5 adders
  2 worms
  2 dart slugs (D:3)
  9 orcs
  6 ball pythons
  5 bats
  2 endoplasms
  2 giant cockroaches (D:2)
  A goblin (D:1)
  2 hobgoblins
  6 jackals
  3 quokkas
  6 frilled lizards
  7 kobolds
  A kobold skeleton (D:3)
  11 rats
76 creatures vanquished.

Notes
Turn   | Place    | Note
-------+----------+-------------------------------------------
     0 | D:5      | Kurtz the Naga Delver began the quest for the Orb.
     0 | D:5      | Reached XP level 1. HP: 21/21 MP: 1/1
   193 | D:3      | Reached XP level 2. HP: 16/28 MP: 2/2
   281 | D:3      | Found a runed translucent door.
   281 | D:3      | Noticed a human
   284 | D:3      | Found a basalt altar of Yredelemnul.
   414 | D:2      | Reached XP level 3. HP: 29/34 MP: 3/3
   814 | D:1      | Found a faded altar of an unknown god.
   826 | D:1      | Reached XP level 4. HP: 36/42 MP: 4/4
  1670 | D:2      | Reached skill level 5 in Axes
  1797 | D:2      | Found Addit's Assorted Antiques.
  1835 | D:2      | Reached XP level 5. HP: 49/49 MP: 5/5
  2640 | D:4      | Found a white marble altar of Elyvilon.
  2774 | D:3      | Slain by an orc

Illustrated notes

Levels and vault maps discovered:
D:1:      dpeg_arrival_castle, layout_loops_ring, shapermc_ecumenical_altar_venn
D:2:      layout_loops_cross, serial_shops, nicolae_shop_real_fake_doors
D:3:      layout_loops_ring, dk_yredelemnul_ordeal, st_stairs_8
D:4:      layout_rooms, elyvilon_altar_5, uniq_duvessa
D:5:      layout_cave_pools, kennysheep_mini_moat, grunt_temple_overflow_open,
          minmay_misc_feat_alley

Skill      XL: |  1  2  3  4  5 |
---------------+----------------+-----
Axes           | 3 4 5 6 |  6.0
Fighting       | |  3.0
Dodging        | |  1.5
Stealth        | |  7.2

Action                     |  1- 3 |  4- 6 || total
---------------------------+-------+-------++-------
  Melee: Quarterstaff      |    61 |   124 ||   185
Ability: Spit Poison       |       |     2 ||     2
   Stab: Sleeping          |     6 |    13 ||    19
 Armour: Leather armour    |    44 |     8 ||    52
         Ring mail         |       |   112 ||   112
  Dodge: Dodged            |    36 |    80 ||   116

Table legend: (Time is in decaauts)
 A = Elapsed time spent in this place.
 B = Non-inter-level travel time spent in this place.
 C = Inter-level travel time spent in this place.
 D = Time resting spent in this place.
 E = Time spent auto-exploring this place.
 F = Levels seen in this place.
 G = Mean time per level.
                   A        B        C        D        E       F      G
               +--------+--------+--------+--------+--------+-----+--------+
         Total |   3570 |   3412 |    158 |    450 |   1974 |   5 |  714.0 |
       Dungeon |   3570 |   3412 |    158 |    450 |   1974 |   5 |  714.0 |
               +--------+--------+--------+--------+--------+-----+--------+

Top non-repeatable levels by time:
     D:2: 1165 daAuts
     D:1: 967 daAuts
     D:3: 937 daAuts
     D:4: 489 daAuts
     D:5: 10 daAuts
